 Dungeon Crawl Stone Soup version 0.29.1-1-gd02db6906a (webtiles) character file.

Game seed: 4589415813715838396

1568 Iusername the Protected (level 8, -6/71 HPs)
             Began as a Minotaur Fighter on Sept 16, 2022.
             Was an Initiate of Dithmenos.
             Killed from afar by an orc wizard (12 damage)
             ... with a puff of flame
             ... on level 6 of the Dungeon.
             The game lasted 00:10:52 (11331 turns).

Iusername the Protected (Minotaur Fighter)         Turns: 11331, Time: 00:10:53

Health: -6/71      AC:  8    Str: 24    XL:     8   Next: 59%
Magic:  7/7        EV: 10    Int:  7    God:    Dithmenos [......]
Gold:   302        SH:  5    Dex: 13    Spells: 7/7 levels left

rFire   . . .      SeeInvis .   a - +0 long sword
rCold   . . .      Faith    .   c - +0 buckler
rNeg    + . .      Spirit   .   b - +0 scale mail
rPois   .          Reflect  .   (helmet restricted)
rElec   .          Harm     .   (no cloak)
rCorr   .          Rampage  .   (no gloves)
Will    .....                   (no boots)
Stlth   ..........              (no amulet)
HPRegen 0.21/turn               p - ring "Gidwapron" {Wiz rN+ Str+3 Dex-3}
MPRegen 0.10/turn               x - +6 ring of dexterity

@: no status effects
A: horns 2, retaliatory headbutt
a: Renounce Religion


You were on level 6 of the Dungeon.
You worshipped Dithmenos.
Dithmenos was noncommittal.
You visited 2 branches of the dungeon, and saw 8 of its levels.

You collected 302 gold pieces.

Inventory:

Hand Weapons
 a - a +0 long sword (weapon)
Missiles
 t - a throwing net
 u - 2 javelins
 v - a boomerang of dispersal
Armour
 b - a +0 scale mail (worn)
 c - a +0 buckler (worn)
Jewellery
 o - an amulet of faith
 p - the ring "Gidwapron" (left hand) {Wiz rN+ Str+3 Dex-3}
   (You took it off an orc on level 4 of the Dungeon)

   [ring of wizardry]

   It improves your spell success rate.
   Str:       It affects your strength (+3).
   Dex:       It affects your dexterity (-3).
   rN:        It protects you from negative energy.
 x - a +6 ring of dexterity (right hand)
 y - a ring of flight
Wands
 k - a wand of digging (6)
 n - a wand of iceblast (1) (quivered)
Scrolls
 d - 2 scrolls of amnesia {unknown}
 f - 2 scrolls of enchant armour {unknown}
 i - a scroll of poison {unknown}
 j - 2 scrolls of enchant weapon {unknown}
 l - a scroll of immolation {unknown}
 r - a scroll of magic mapping {unknown}
 s - a scroll of acquirement {unknown}
 z - 3 scrolls of identify {unknown}
 C - a scroll of fear {unknown}
 D - a scroll of summoning {unknown}
 E - a scroll of teleportation {unknown}
Potions
 g - 2 potions of brilliance {unknown}
 h - 3 potions of heal wounds {unknown}
 m - a potion of haste {unknown}
 q - a potion of attraction {unknown}
 w - a potion of ambrosia {unknown}
 A - 2 potions of resistance {unknown}
 B - a potion of degeneration {unknown}
 F - 2 potions of magic {unknown}


   Skills:
 + Level 6.4 Fighting
 + Level 8.0 Long Blades
 + Level 8.4 Armour
 + Level 2.3 Dodging
 + Level 1.1 Stealth
 + Level 4.7 Shields
 + Level 0.1 Evocations


You had 7 spell levels left.
You didn't know any spells.
Your spell library contained the following spells:

 Spells                   Type           Power      Damage    Failure   Level
 Apportation              Tloc           0%         N/A       45%         1
 Magic Dart               Conj           0%         1d3       45%         1
 Necrotise                Necr           0%         1d4       45%         1
 Summon Small Mammal      Summ           0%         N/A       45%         1
 Searing Ray              Conj           0%         2d4       58%         2
 Static Discharge         Conj/Air       0%         3-3/arc   58%         2
 Dispel Undead            Necr           0%         3d6       99%         4
 Fulminant Prism          Conj/Hex       0%         3d6       99%         4
 Sticky Flame             Conj/Fire      0%         2d3       99%         4


Dungeon Overview and Level Annotations

Branches:
Dungeon (7/15)             Temple (1/1) D:5

Altars:
Ashenzari
Cheibriados
Dithmenos
Elyvilon
Fedhas
Gozag
Hepliaklqana
Kikubaaqudgha
Makhleb
Nemelex Xobeh
Okawaru
Qazlal
Sif Muna
Trog
Uskayaw
Vehumet
Wu Jian
Xom
Yredelemnul
Zin
The Shining One

Shops:
D:2 (   D:5 (

Annotations:
D:6 Maggie
D:7 Dowan


Innate Abilities, Weirdness & Mutations

You have a pair of horns on your head.
You reflexively headbutt those who attack you in melee.


Message History

Dowan gestures wildly while chanting.
Dowan blinks!
You climb upwards.
There is a stone staircase leading down, spattered with blood here.
You feel better.
The orc wizard hits you but does no damage.
Maggie hits you with a +0 glaive.
You barely miss Maggie. You headbutt Maggie.
Maggie is lightly wounded.
The orc wizard hits you with a +0 dagger.
You block Maggie's attack.
You slash Maggie! You headbutt Maggie.
Maggie is moderately wounded.
The orc wizard points at you and mumbles some strange words.
You resist with some effort.
Maggie gestures wildly while chanting.
Maggie attempts to bespell you! You resist with almost no effort.
You hit Maggie but do no damage.
Maggie is moderately wounded.
The orc wizard points at you and mumbles some strange words.
You block the puff of flame. Maggie barely misses you.
You hit Maggie.
Maggie is moderately wounded.
The orc wizard casts a spell at you. The magic dart hits you.
* * * LOW HITPOINT WARNING * * *
Maggie points at you and mumbles some strange words.
The bolt of fire hits you!!
* * * LOW HITPOINT WARNING * * *
You feel better.
The orc wizard gestures at you while chanting.
The puff of flame misses you. Maggie barely misses you.
You feel better.
The orc wizard hits you but does no damage.
Maggie hits you with a +0 glaive!!
* * * LOW HITPOINT WARNING * * *
You feel better.
The orc wizard points at you and mumbles some strange words.
The puff of flame hits you!
You die...

.....################# #...
.....'...............# #...
.....###############.# #...
.....# #.# #.#. ###### #.# #.#.
############ #.# #.##
##.........#########'#########'##
##.........##.........##.........
##.........##..@@.....##.........
##.........##..o......##.........
##.........##.........##.........
##.........##.........##.........
.#.........##.........########'##
.#.........''.........# #...
.#.........##.........###########
.################'##.............
.# #.#........).....


You could see Maggie and an orc wizard.

Vanquished Creatures
  Grinder (D:6)
  Sigmund (D:2)
  Duvessa (D:7)
  A centaur (D:3)
  A phantom (D:2)
  2 necrophages
  A scorpion (D:4)
  5 wights (D:6)
  3 hounds
  A jelly (D:6)
  3 orc priests
  An iguana (D:6)
  Jessica (D:2)
  3 orc wizards
  Ijyb (D:4)
  4 adders
  A shadow imp (D:6)
  3 white imps
  2 worms
  3 dart slugs
  13 orcs
  4 bats
  3 endoplasms
  3 giant cockroaches
  5 goblins
  A hobgoblin (D:4)
  2 jackals (D:1)
  7 quokkas
  3 training dummies (D:5)
  7 ball pythons
  3 frilled lizards
  3 kobolds
  3 rats
96 creatures vanquished.

Notes
Turn   | Place    | Note
-------+----------+-------------------------------------------
     0 | D:1      | Iusername the Minotaur Fighter began the quest for the Orb.
     0 | D:1      | Reached XP level 1. HP: 19/19 MP: 0/0
   190 | D:1      | Reached XP level 2. HP: 27/27 MP: 1/1
  1161 | D:2      | Noticed Jessica
  1167 | D:2      | Killed Jessica
  1168 | D:2      | Reached XP level 3. HP: 32/34 MP: 2/2
  1402 | D:2      | Noticed a phantom
  1422 | D:2      | Killed a phantom
  1423 | D:2      | Reached XP level 4. HP: 7/41 MP: 3/3
  2101 | D:2      | Found Toeklab's Weapon Emporium.
  2290 | D:2      | Noticed Sigmund
  2306 | D:2      | Killed Sigmund
  2307 | D:2      | Reached skill level 5 in Armour
  2307 | D:2      | Reached skill level 1 in Dodging
  2307 | D:2      | Reached XP level 5. HP: 32/47 MP: 4/4
  2307 | D:2      | Reached XP level 6. HP: 37/55 MP: 5/5
  2643 | D:2      | Found a glowing silver altar of Zin.
  2985 | D:3      | Found a radiant altar of Vehumet.
  3386 | D:3      | Reached skill level 5 in Long Blades
  4148 | D:4      | Reached skill level 5 in Fighting
  4230 | D:4      | Reached XP level 7. HP: 59/61 MP: 6/6
  4233 | D:4      | Identified the ring "Gidwapron" {Wiz rN+ Str+3 Dex-3}
  4237 | D:4      | Noticed Ijyb
  4261 | D:4      | Killed Ijyb
  5252 | D:5      | Entered Level 5 of the Dungeon
  5327 | D:5      | Found Gata's Firing Range.
  5801 | D:5      | Identified the +3 quarterstaff of Bodily Humours
                  | {antimagic, Contam rPois Stlth+}
  6451 | D:5      | Found a staircase to the Ecumenical Temple.
  6493 | Temple   | Entered the Ecumenical Temple
  6594 | Temple   | Became a worshipper of Dithmenos the Shadowed
  7019 | D:6      | Reached XP level 8. HP: 37/70 MP: 7/7
  7411 | D:6      | Noticed Grinder
  7436 | D:6      | Killed Grinder
  8869 | D:6      | Reached skill level 1 in Stealth
  9357 | D:7      | Noticed Maggie
  9361 | D:7      | Noticed Dowan
  9362 | D:7      | Noticed Duvessa
 10716 | D:7      | Killed Duvessa
 11328 | D:6      | HP: 1/71 [Maggie/bolt of fire (20)]
 11331 | D:6      | Killed from afar by an orc wizard

Illustrated notes

Levels and vault maps discovered:
D:1:      psy_arrival_spokes, layout_loops_corners, minivault_23,
          chequers_serial_rivers_small_3
D:2:      layout_basic, basic_altar, serial_shops,
          nicolae_shop_bloodbath_and_beyond, uniq_jessica, uniq_sigmund
D:3:      layout_basic, fiery_altar_vehumet
D:4:      layout_loops_ring, lightli_ossuary_entry_decrepit_ruins, uniq_ijyb
D:5:      layout_basic, temple_green, nicolae_shop_firing_range
D:6:      layout_basic, dk_rats_in_the_wall, uniq_grinder
D:7:      layout_gridville, minmay_misc_feat_ornament, dk_noncrumbling_3,
          minmay_the_grid_2x2 [minmay_the_grid_x, minmay_the_grid_dragon_b,
          minmay_the_grid_eight, minmay_the_grid_prize_inner_circle],
          uniq_duvessa, uniq_maggie
Temple:   mainiacjoe_temple_cubbyholes

Skill      XL: |  1  2  3  4  5  6  7  8 |
---------------+-------------------------+-----
Fighting       | 4 5 6 |  6.4
Armour         | 4 5 6 7 8 |  8.4
Long Blades    | 3 4 5 6 8 |  8.0
Shields        | 4 |  4.7
Dodging        | 1 2 |  2.3
Stealth        | 1 |  1.1
Evocations     | |  0.1

Action                   |  1- 3 |  4- 6 |  7- 9 || total
-------------------------+-------+-------+-------++-------
Melee: Long sword        |    67 |    66 |   178 ||   311
       Headbutt          |     8 |    12 |    45 ||    65
Evoke: Wand              |       |       |     6 ||     6
  Use: Potion            |       |     2 |     5 ||     7
Armor: Scale mail        |    29 |    28 |    78 ||   135
Dodge: Dodged            |    31 |    43 |    95 ||   169
Block: Buckler           |    12 |    16 |    33 ||    61
